 Dungeon Crawl Stone Soup version 0.29.0-13-gc9e81de378 (webtiles) character file.

Game seed: 12382052599302757250

16952 groovy9 the Cleaver (level 12, -4/99 HPs)
             Began as a Hill Orc Fighter on Sept 10, 2022.
             Was a High Priest of Okawaru.
             Slain by an eight-headed hydra (11 damage)
             ... on level 3 of the Lair of Beasts on Sept 11, 2022.
             The game lasted 00:39:01 (13531 turns).

groovy9 the Cleaver (Hill Orc Fighter)             Turns: 13531, Time: 00:39:02

Health: -4/99      AC: 21    Str: 23    XL:     12   Next: 42%
Magic:  15/19      EV:  9    Int:  4    God:    Okawaru [*****.]
Gold:   436        SH:  8    Dex: 14    Spells: 11/11 levels left

rFire   . . .      SeeInvis .   b - +7 trident "Jefof" {flame, rElec rPois Will++ Int-3}
rCold   . . .      Faith    .   c - +0 buckler
rNeg    . . .      Spirit   .   x - +0 plate armour
rPois   +          Reflect  .   E - +0 helmet
rElec   +          Harm     .   (no cloak)
rCorr   .          Rampage  .   m - +1 pair of gloves
Will    ++++.      Clarity  +   (no boots)
Stlth   ..........              (no amulet)
HPRegen 0.26/turn               l - ring of willpower
MPRegen 0.16/turn               K - ring of willpower

@: heroic, finesse-ful, marked, slowed, studying Fire Magic, very slow
A: agile 1, clarity, frail 1, poison resistance
a: Renounce Religion, Heroism, Finesse, Duel


You were on level 3 of the Lair of Beasts.
You worshipped Okawaru.
Okawaru was extremely pleased with you.
You visited 3 branches of the dungeon, and saw 13 of its levels.

You collected 436 gold pieces.

Inventory:

Hand Weapons
 a - a +1 spectral war axe
 b - the +7 trident "Jefof" (weapon) {flame, rElec rPois Will++ Int-3}
   (You took it off a spriggan on level 1 of the Lair of Beasts)

   It burns those it strikes, dealing additional fire damage.
   Int:       It affects your intelligence (-3).
   rElec:     It insulates you from electricity.
   rPois:     It protects you from poison.
   Will:      It greatly increases your willpower.
 H - a +0 spear
 I - a +3 mace of freezing
Armour
 c - a +0 buckler (worn)
 m - a +1 pair of gloves (worn)
 q - a +1 ring mail of cold resistance
 r - a +1 hat
 x - a +0 plate armour (worn)
 E - a +0 helmet (worn)
Jewellery
 d - a +6 ring of intelligence
 l - a ring of willpower (left hand)
 w - a +6 ring of dexterity
 K - a ring of willpower (right hand)
Scrolls
 h - 3 scrolls of poison
 j - 2 scrolls of teleportation
 n - a scroll of fog
 o - a scroll of immolation
 t - 3 scrolls of noise
 u - a scroll of blinking
 y - 3 scrolls of silence
 B - 6 scrolls of identify
Potions
 e - 4 potions of attraction
 f - 4 potions of flight
 g - 3 potions of invisibility
 i - 10 potions of curing
 k - a potion of mutation
 p - a potion of magic
 s - 2 potions of resistance
 z - a potion of might
 G - 2 potions of lignification
 J - a potion of heal wounds
Miscellaneous
 D - a condenser vane


   Skills:
 + Level 11.0(16.0) Fighting
 + Level 14.5(19.5) Axes
 + Level 10.1(15.1) Armour
 + Level 10.2(15.2) Shields
 + Level 9.7 Invocations


You had 11 spell levels left.
You didn't know any spells.
Your spell library contained the following spells:

 Spells                   Type           Power      Damage    Failure   Level
 Sandblast                Erth           0%         2d4       99%         1
 Blink                    Tloc           0%         N/A       100%        2
 Passwall                 Tmut/Erth      0%         N/A       100%        2
 Confusing Touch          Hex            0%         N/A       100%        3
 Lesser Beckoning         Tloc           0%         N/A       100%        3
 Stone Arrow              Conj/Erth      0%         3d7       100%        3
 Manifold Assault         Tloc           0%         N/A       100%        5
 Yara's Violent Unravell  Hex/Tmut       0%         3d3       100%        5
 Enfeeble                 Hex            0%         N/A       100%        7


Dungeon Overview and Level Annotations

Branches:
Dungeon (9/15)             Temple (1/1) D:7            Lair (3/5) D:9
  Swamp (0/4) Lair:2        Snake (0/4) Lair:2
    Orc: D:9-12

Altars:
Ashenzari
Cheibriados
Dithmenos
Elyvilon
Fedhas
Gozag
Hepliaklqana
Kikubaaqudgha
Makhleb
Nemelex Xobeh
Okawaru
Qazlal
Ru
Sif Muna
Trog
Uskayaw
Vehumet
Wu Jian
Xom
Zin
The Shining One

Annotations:
Lair:3 Amaemon


Innate Abilities, Weirdness & Mutations

You are agile. (Dex +4, Str/Int -1)
You possess an exceptional clarity of mind.
You are frail. (-10% HP)
Your system is resistant to poisons. (rPois)


Message History

The eight-headed hydra is lightly wounded.
A death yak comes into view.
A yak comes into view.
The eight-headed hydra bites you.
The eight-headed hydra bites you but does no damage.
The eight-headed hydra bites you. x3
The eight-headed hydra barely misses you.
The eight-headed hydra bites you but does no damage. x2
You puncture the eight-headed hydra! You burn the eight-headed hydra.
The eight-headed hydra is moderately wounded.
The komodo dragon bites you!
You puncture the eight-headed hydra! You burn the eight-headed hydra.
The eight-headed hydra is heavily wounded.
You hit the eight-headed hydra. You burn the eight-headed hydra.
The eight-headed hydra is heavily wounded.
You block the eight-headed hydra's attack. x2
The eight-headed hydra bites you but does no damage. x2
The eight-headed hydra bites you. The eight-headed hydra bites you!
The eight-headed hydra bites you but does no damage.
The eight-headed hydra bites you!
* * * LOW HITPOINT WARNING * * *
The orange demon stings you from afar.
* * * LOW HITPOINT WARNING * * *
You have difficulty breathing.
* * * LOW HITPOINT WARNING * * *
You feel yourself slow down.
Okay, then.
Okay, then.
You feel much better.
The komodo dragon bites you but does no damage.
The orange demon closely misses you. The death yak gores you.
The eight-headed hydra bites you!
* * * LOW HITPOINT WARNING * * *
The eight-headed hydra bites you!
* * * LOW HITPOINT WARNING * * *
The eight-headed hydra bites you.
* * * LOW HITPOINT WARNING * * *
The eight-headed hydra bites you but does no damage.
The eight-headed hydra completely misses you.
The eight-headed hydra bites you!
You die...

..... #### ......
..# #.....######.#
#.....†.....<### #
..###..........#
..
#########†###.###
..Y
##....Y......###
....
#..DY##......P#
.....
#.@Y.#....##..(#
......##l†###.####
#.##
..$...Y4..#... .#
....sF#####.#. .
..... ....# ..
.... .. . ... .. .


You could see 3 death yaks, an eight-headed hydra, an orange demon (curare), a
komodo dragon, a yak, a cane toad (curare) and a scorpion (summoned).

Vanquished Creatures
  Gastronok (D:8)
  A hydra (Lair:2)
  The ghost of xian the Thaumaturge, a journeyman DrFE of Okawaru (Lair:1)
  3 death yaks (Lair:1)
  A two-headed ogre (D:8)
  Pikel (D:8)
  2 black mambas
  An unseen horror (D:9)
  Maggie (D:8)
  A cane toad (Lair:3)
  2 komodo dragons
  A kobold demonologist (D:6)
  A troll (D:7)
  A polar bear (Lair:1)
  A hornet (Lair:1)
  3 wyverns
  4 spriggans (Lair:1)
  4 yaks (Lair:3)
  A vampire mosquito (D:6)
  2 basilisks (Lair:1)
  Edmund (D:4)
  Menkaure (D:4)
  3 nagas (Lair:2)
  4 water moccasins
  6 orc warriors
  2 black bears
  2 ogres
  2 ice beasts
  14 wolves
  2 centaurs
  2 phantoms
  3 lemures (D:8)
  17 bullfrogs
  A kobold brigand (D:9)
  3 scorpions
  8 wights
  11 killer bees
  3 howler monkeys (D:9)
  7 orc priests
  4 hounds
  A jelly (D:6)
  6 iguanas
  11 orc wizards
  7 hell rats (Lair:2)
  3 adders
  4 gnolls (D:7)
  A shadow imp (D:8)
  A white imp (D:6)
  2 ufetubi
  2 dart slugs (D:5)
  27 orcs
  12 endoplasms
  4 giant cockroaches
  3 goblins (D:1)
  13 hobgoblins
  2 jackals (D:4)
  3 quokkas
  7 ball pythons
  7 bats
  4 frilled lizards
  12 kobolds
  5 rats
266 creatures vanquished.

Vanquished Creatures (others)
  A bush (Lair:2)
  25 fungi
  33 plants
59 creatures vanquished.

Grand Total: 325 creatures vanquished

Notes
Turn   | Place    | Note
-------+----------+-------------------------------------------
     0 | D:1      | groovy9 the Hill Orc Fighter began the quest for the Orb.
     0 | D:1      | Reached XP level 1. HP: 19/19 MP: 1/1
    19 | D:1      | Reached skill level 3 in Axes
    45 | D:1      | Reached XP level 2. HP: 24/26 MP: 2/2
   225 | D:1      | Reached skill level 4 in Axes
   500 | D:1      | Reached XP level 3. HP: 31/31 MP: 3/3
   942 | D:2      | Reached skill level 5 in Axes
  1186 | D:2      | Reached XP level 4. HP: 39/39 MP: 4/4
  1197 | D:2      | Found a faded altar of an unknown god.
  2412 | D:3      | Gained mutation: Your system is resistant to poisons.
                  | (rPois) [potion of mutation]
  2412 | D:3      | Gained mutation: You are frail. (-10% HP) [potion of
                  | mutation]
  2412 | D:3      | Gained mutation: You possess an exceptional clarity of
                  | mind. [potion of mutation]
  2412 | D:3      | Gained mutation: You are agile. (Dex +4, Str/Int -1)
                  | [potion of mutation]
  2468 | D:4      | Reached skill level 6 in Axes
  2468 | D:4      | Noticed Menkaure
  2472 | D:4      | Killed Menkaure
  2473 | D:4      | Reached skill level 8 in Axes
  2473 | D:4      | Reached XP level 5. HP: 35/40 MP: 5/5
  2473 | D:4      | Reached XP level 6. HP: 40/45 MP: 6/6
  2656 | D:4      | Noticed Edmund
  2668 | D:4      | Killed Edmund
  2669 | D:4      | Reached skill level 9 in Axes
  3737 | D:5      | Entered Level 5 of the Dungeon
  3773 | D:5      | Reached XP level 7. HP: 48/52 MP: 7/7
  4378 | D:5      | Reached skill level 10 in Axes
  4445 | D:5      | Found a shimmering blue altar of Sif Muna.
  4694 | D:6      | Reached XP level 8. HP: 60/60 MP: 8/8
  4725 | D:6      | Reached skill level 5 in Fighting
  4960 | D:6      | Noticed a kobold demonologist
  4970 | D:6      | Noticed an orange demon
  4973 | D:6      | Noticed a hellwing
  4974 | D:6      | Killed a kobold demonologist
  4975 | D:6      | Reached skill level 5 in Armour
  4975 | D:6      | Reached skill level 5 in Shields
  5598 | D:6      | Reached skill level 11 in Axes
  5598 | D:6      | Reached XP level 9. HP: 67/67 MP: 9/9
  5849 | D:7      | Found a staircase to the Ecumenical Temple.
  5855 | Temple   | Entered the Ecumenical Temple
  5912 | Temple   | Became a worshipper of Warmaster Okawaru
  6380 | D:7      | Noticed a troll
  6405 | D:7      | Killed a troll
  6406 | D:7      | Reached skill level 1 in Invocations
  6965 | D:7      | Reached * piety under Okawaru
  7358 | D:8      | Noticed Maggie
  7367 | D:8      | Killed Maggie
  7820 | D:8      | Reached XP level 10. HP: 47/79 MP: 10/13
  7835 | D:8      | Reached skill level 12 in Axes
  8232 | D:8      | Noticed Pikel
  8244 | D:8      | Killed Pikel
  8244 | D:8      | Reached ** piety under Okawaru
  8245 | D:8      | Reached skill level 5 in Invocations
  8437 | D:8      | Found a shimmering blue altar of Sif Muna.
  8485 | D:8      | Noticed a two-headed ogre
  8491 | D:8      | Killed a two-headed ogre
  8812 | D:8      | Noticed Gastronok
  8844 | D:8      | Killed Gastronok
  8844 | D:8      | Reached *** piety under Okawaru
  9340 | D:9      | Reached **** piety under Okawaru
  9448 | D:9      | Found a staircase to the Lair.
  9495 | D:9      | Reached XP level 11. HP: 87/87 MP: 14/16
  9579 | D:9      | Reached skill level 13 in Axes
 10633 | Lair:1   | Entered Level 1 of the Lair of Beasts
 10733 | Lair:1   | Noticed a death yak
 10733 | Lair:1   | Noticed a death yak
 10740 | Lair:1   | Noticed a death yak
 10749 | Lair:1   | Killed a death yak
 10754 | Lair:1   | Killed a death yak
 10754 | Lair:1   | Reached ***** piety under Okawaru
 10761 | Lair:1   | Killed a death yak
 10984 | Lair:1   | Reached skill level 10 in Fighting
 11211 | Lair:1   | Found a runed translucent door.
 11496 | Lair:1   | Noticed xian's ghost (journeyman DrFE)
 11496 | Lair:1   | Noticed a spriggan rider
 11497 | Lair:1   | Identified the +7 trident "Jefof" {flame, rElec rPois
                  | Will++ Int-3}
 12112 | Lair:1   | Killed xian's ghost
 12123 | Lair:1   | Reached skill level 14 in Axes
 12249 | Lair:1   | Reached XP level 12. HP: 87/96 MP: 15/18
 12384 | Lair:2   | Noticed a six-headed hydra
 12404 | Lair:2   | Killed a six-headed hydra
 12552 | Lair:2   | Found a staircase to the Swamp.
 12705 | Lair:2   | Found a staircase to the Snake Pit.
 13462 | Lair:3   | Reached skill level 10 in Shields
 13501 | Lair:3   | Reached skill level 10 in Armour
 13516 | Lair:3   | Noticed Amaemon
 13520 | Lair:3   | Noticed an eight-headed hydra
 13524 | Lair:3   | Noticed a death yak
 13526 | Lair:3   | Noticed a death yak
 13527 | Lair:3   | Noticed a death yak
 13531 | Lair:3   | Slain by an eight-headed hydra

Illustrated notes

Levels and vault maps discovered:
D:1:      minmay_arrival_shattered_statue, layout_basic
D:2:      layout_basic, dreamdust_ecumenical_altar_statues
D:3:      layout_rooms, serial_co_window_serial, co_window_of_opportunity_a,
          co_window_paths_a, co_window_paths_a, co_window_paths_a,
          co_window_paths_a, co_window_paths_c, co_window_broadway_a,
          co_window_2corner, co_window_broadway_c, co_window_corner_ca,
          co_window_corner_b, co_window_unsneaky_path_a, glass_columns_c
D:4:      layout_gridville, roderic_roman_lattice, grunt_ministairs_6,
          minmay_misc_feat_rugged, uniq_menkaure, uniq_edmund
D:5:      layout_loops_ring, minmay_ruined_shrine
D:6:      layout_gridville, minmay_manual_moon
D:7:      minmay_spotlight, layout_loops_ring, temple_doors_e,
          dreamdust_princess_bridge
D:8:      layout_layer_cave, mainiacjoe_overflow_tiny_flanked, uniq_maggie,
          uniq_gastronok, uniq_pikel
D:9:      layout_roguey, grunt_lair_entry_orc_guard_hut
Temple:   mainiacjoe_temple_big_plus
Lair:1:   layout_loops_ring, ebering_ghost_funeral_grove
Lair:2:   layout_loops_ring, minmay_swamp_entry_reptiles,
          guppyfry_snake_entry_garden
Lair:3:   beast_lair_carwin_large_3, layout_small_grid, uniq_amaemon

Skill      XL: |  1  2  3  4  5  6  7  8  9 10 11 12 |
---------------+-------------------------------------+-----
Axes           | 3 4 5 8 9 10 11 12 14 | 14.5
Fighting       | 4 6 7 9 10 11 | 11.0
Armour         | 4 5 7 8 9 10 | 10.1
Shields        | 4 5 7 8 9 10 | 10.2
Invocations    | 4 6 8 9 |  9.7

Action                   |  1- 3 |  4- 6 |  7- 9 | 10-12 || total
-------------------------+-------+-------+-------+-------++-------
Melee: War axe           |    97 |    62 |   187 |   338 ||   684
       Trident           |       |       |       |    27 ||    27
Invok: Heroism           |       |       |     2 |     6 ||     8
       Finesse           |       |       |       |     4 ||     4
  Use: Scroll            |     5 |     8 |     7 |     3 ||    23
       Potion            |     1 |     1 |     5 |     2 ||     9
 Stab: Distracted        |       |       |       |     3 ||     3
Armor: Scale mail        |    39 |    17 |       |       ||    56
       Ring mail         |       |       |    53 |       ||    53
       Plate armour      |       |       |     9 |   129 ||   138
Dodge: Dodged            |    50 |    24 |    66 |    62 ||   202
Block: Buckler           |    17 |     9 |    37 |    68 ||   131
